 Dungeon Sprint DCSS version 0.22-a0-305-gd21a89c (webtiles) character file.

62654 Kidiri the Imperceptible (level 13, -5/71 HPs)
             Began as a Spriggan Enchanter on Apr 1, 2018.
             Was the Champion of Dithmenos.
             Slain by a deep elf blademaster (23 damage)
             ... in the Dungeon (Sprint III: "The Ten Rune Challenge").
             The game lasted 00:26:03 (4464 turns).

Kidiri the Imperceptible (Spriggan Enchanter)       Turns: 4464, Time: 00:26:04

Health: -5/71      AC:  3    Str:  9    XL:     13   Next: 43%
Magic:  4/35       EV: 37    Int: 21    God:    Dithmenos [******]
Gold:   6200       SH:  0    Dex: 21    Spells: 30/47 levels left

rFire    . . .     SeeInvis +   a - +2 dagger (venom)
rCold    + . .     Gourm    .   (shield restricted)
rNeg     . . .     Faith    .   b - +0 robe {MR+}
rPois    .         Spirit   .   s - +1 hat
rElec    +         Reflect  .   (no cloak)
rCorr    .         Harm     .   (gloves unavailable)
MR       +++..     NoTele   +   (boots unavailable)
Stlth    ++++++++++             (no amulet)
HPRegen  0.00/turn              c - ring of protection from cold
MPRegen  0.24/turn              u - +5 ring of strength

@: berserk cooldown, slowed, wreathed by umbra, quick
A: very small, unfitting armour, antennae 2, talons 1, see invisible, agile 1,
clever 1, herbivore, speed 3, electricity resistance, inhibited regeneration,
slow metabolism 2
}: 2/10 runes: decaying, barnacled
a: Shadow Step, Shadow Form, Renounce Religion


You were in the Dungeon.
You worshipped Dithmenos.
Dithmenos was exalted by your worship.
You were not hungry.

You visited 1 branch You collected 8004 gold pieces.
You spent 1804 gold pieces at shops.

Inventory:

Hand Weapons
 a - a +2 dagger of venom (weapon)
Armour
 b - a +0 robe of magic resistance (worn)
 s - a +1 hat (worn)
Jewellery
 c - a ring of protection from cold (left hand)
 l - an uncursed ring of flight
 u - a +5 ring of strength (right hand)
Scrolls
 j - 2 scrolls of blinking
 k - a scroll of holy word
 o - a scroll of torment
 w - a scroll of amnesia
 x - 2 scrolls of identify
 z - a scroll of fear
Potions
 e - 2 potions of might
 f - 4 potions of heal wounds
 g - a potion of haste
 h - 3 potions of magic
 i - a potion of berserk rage
 m - a potion of flight
 n - 3 potions of curing
 q - a potion of agility
 r - a potion of lignification
 t - a potion of invisibility
Comestibles
 d - 9 rations


   Skills:
 + Level 9.7 Fighting
 * Level 16.5 Short Blades
 + Level 8.9 Armour
 * Level 20.6 Dodging
 * Level 22.2 Stealth
 * Level 17.9 Spellcasting
 + Level 13.7 Hexes


You had 30 spell levels left.
You knew the following spells:

 Your Spells              Type           Power        Failure   Level  Hunger
a - Corona                Hex            ######.      0%          1    None
b - Ensorcelled Hibernat  Hex/Ice        #####.       1%          2    None
c - Confuse               Hex            ######..     1%          3    None
d - Tukima's Dance        Hex            ######..     1%          3    None
e - Dazzling Spray        Conj/Hex       #####.       1%          3    None
f - Mephitic Cloud        Conj/Pois/Air  ###.....     9%          3    None
g - Blink                 Tloc           N/A          4%          2    None


Dungeon Overview and Level Annotations

Branches:
Dungeon (1/1)

Altars:
Cheibriados
Dithmenos
Elyvilon
Fedhas
Gozag
Hepliaklqana
Kikubaaqudgha
Makhleb
Nemelex Xobeh
Okawaru
Qazlal
Ru
Sif Muna
Trog
Uskayaw
Vehumet
Wu Jian
Xom
Yredelemnul
Zin
The Shining One
Beogh
Jiyva
Lugonu

Shops:
D !(:[(=?

Annotations:
D exclusion: 3 doors


Innate Abilities, Weirdness & Mutations

You are very small and have problems with some larger weapons.
You are too small for most types of armour.
You have supernaturally acute eyesight. (SInv)
You are a herbivore.
You cover ground extremely quickly.
You need to consume almost no food.
You have a pair of antennae on your head.
You have sharp toenails.
You are agile. (Dex +2)
Your mind is acute. (Int +2)
You are resistant to electric shocks. (rElec)
You do not regenerate when monsters are visible.


Message History

You miss the deep elf blademaster.
Your kick misses the deep elf blademaster.
The deep elf blademaster is heavily wounded.
The deep elf blademaster misses you. The deep elf blademaster hits you!
* * * LOW HITPOINT WARNING * * *
You emit a cloud of dark smoke.
Unknown command.
You completely miss the deep elf blademaster.
Your kick misses the deep elf blademaster.
The deep elf blademaster is heavily wounded.
You feel a strong urge to attack something.
You are no longer berserk.
You are exhausted.
You feel yourself slow down.
There is a fountain of clear blue water here.
Unknown command.
You feel much better.
The deep elf blademaster hits you but does no damage.
The deep elf blademaster hits you!!
You die...

▓▓▓▓▓ ▓▓▓ ▓▓▓ ▓▓▓▓ #)).####
##.############.###.#.
#......#####..#___#___#__#..()##.
#.......#..#..#)..#__)#._#())))..
##.##...#..#..###§#§###+##..).)..
##.###..##'#..#§§§§§§....#..[)...
###.##..###...'§@e§§§....#..#∩##.
#..##..####...#.§§######'#....###
...##..###....#.⌠.#__#...#'######
..##...##.....#...#__#...#.§§§≈+§
.##....#......#'###__#...#.#§≈§#§
###..##.#.....#.))#__#...'.#§§§#.
# #..#####....#___#__+...#.#§§.#.
▓▓▓▓▓▓▓▓▓▓▓▓▓▓▓▓▓▓▓▓▓▓▓▓▓▓▓▓▓▓▓▓▓
.+≈≈§§.§≈.≈♣♣.....♣♣♣♣≈≈≈........


You could see a deep elf blademaster.

Vanquished Creatures
  the Lernaean hydra (D)
  Rupert (D)
  Gastronok (D)
  A kraken (D)
  2 dire elephants (D)
  A deep elf death mage (D)
  Snorg (D)
  3 hydras (D)
  A centaur warrior (D)
  3 alligator snapping turtles (D)
  4 death yaks (D)
  Urug (D)
  A deep elf knight (D)
  2 unseen horrors (D)
  3 swamp dragons (D)
  A death drake (D)
  A spriggan druid (D)
  A lindwurm (D)
  6 deep elf magi (D)
  2 elephants (D)
  2 black mambas (D)
  2 spiny frogs (D)
  A rime drake (D)
  A komodo dragon (D)
  3 wandering mushrooms (D)
  A queen bee (D)
  2 tyrant leeches (D)
  8 blink frogs (D)
  3 snapping turtles (D)
  2 spriggans (D)
  A shadow (D)
  3 redbacks (D)
  A spatial vortex (D)
  3 swamp drakes (D)
  3 orc warriors (D)
  A necrophage (D)
  2 centaurs (D)
  An earth elemental (D)
  A water elemental (D)
  30 killer bees (D)
  An electric eel (D)
  An orc wizard (D)
  3 orc priests (D)
  A wizard (D)
  A jelly (D)
  Jessica (D)
  A necromancer (D)
  A kobold demonologist (D)
  3 humans (D)
  A wolf (D)
  10 orcs (D)
  4 rats (D)
136 creatures vanquished.

Vanquished Creatures (collateral kills)
  2 killer bees (D)
2 creatures vanquished.

Vanquished Creatures (others)
  2 draconian scorchers (D)
  6 hellions (D)
  2 yaktaurs (D)
  A fungus (D)
  2 plants (D)
  20 tentacles (D)
33 creatures vanquished.

Grand Total: 171 creatures vanquished

Notes
Turn   | Place    | Note
-------+----------+-------------------------------------------
     0 | D        | Kidiri the Spriggan Enchanter began the quest for the Orb.
     0 | D        | Reached XP level 1. HP: 9/9 MP: 5/5
    25 | D        | Noticed Jessica
    39 | D        | Killed Jessica
    39 | D        | Reached skill level 1 in Fighting
    39 | D        | Reached skill level 1 in Armour
    39 | D        | Reached skill level 5 in Stealth
    39 | D        | Reached XP level 2. HP: 14/14 MP: 4/8
    83 | D        | Reached skill level 6 in Stealth
    93 | D        | Reached XP level 3. HP: 18/18 MP: 9/9
    99 | D        | Reached skill level 5 in Dodging
   105 | D        | Learned a level 3 spell: Confuse
   108 | D        | Learned a level 2 spell: Ensorcelled Hibernation
   112 | D        | Learned a level 3 spell: Tukima's Dance
   122 | D        | Killed a hellion
   123 | D        | Killed a hellion
   123 | D        | Killed a hellion
   124 | D        | Gained mutation: You occasionally shout uncontrollably at your foes. [potion of mutation]
   124 | D        | Gained mutation: You are clumsy. (Dex -2) [potion of mutation]
   124 | D        | Gained mutation: Your flesh is cold resistant. (rC+) [potion of mutation]
   125 | D        | Lost mutation: Your flesh is cold resistant. (rC+) [potion of mutation]
   125 | D        | Lost mutation: You are clumsy. (Dex -2) [potion of mutation]
   125 | D        | Gained mutation: Your muscles are strong. (Str +2) [potion of mutation]
   125 | D        | Gained mutation: You sometimes yell uncontrollably at your foes. [potion of mutation]
   125 | D        | Gained mutation: You are resistant to electric shocks. (rElec) [potion of mutation]
   126 | D        | Lost mutation: Your muscles are strong. (Str +2) [potion of mutation]
   126 | D        | Lost mutation: You sometimes yell uncontrollably at your foes. [potion of mutation]
   126 | D        | Gained mutation: You are clumsy. (Dex -2) [potion of mutation]
   126 | D        | Gained mutation: You do not regenerate when monsters are visible. [potion of mutation]
   126 | D        | Gained mutation: Your magical capacity is low. (-10% MP) [potion of mutation]
   126 | D        | Gained mutation: You have sharp toenails. [potion of mutation]
   127 | D        | Lost mutation: Your magical capacity is low. (-10% MP) [potion of mutation]
   127 | D        | Lost mutation: You occasionally shout uncontrollably at your foes. [potion of mutation]
   127 | D        | Gained mutation: You have a pair of small antennae on your head. [potion of mutation]
   127 | D        | Gained mutation: You have razor-sharp toenails. [potion of mutation]
   128 | D        | Lost mutation: You have razor-sharp toenails. [potion of mutation]
   128 | D        | Lost mutation: You are clumsy. (Dex -2) [potion of mutation]
   128 | D        | Gained mutation: Your mind is acute. (Int +2) [potion of mutation]
   128 | D        | Gained mutation: You have a pair of antennae on your head. [potion of mutation]
   128 | D        | Gained mutation: You are agile. (Dex +2) [potion of mutation]
   163 | D        | Killed a hellion
   164 | D        | Noticed a water elemental
   164 | D        | Killed a hellion
   165 | D        | Killed a hellion
   166 | D        | Killed a water elemental
   166 | D        | Reached skill level 7 in Stealth
   166 | D        | Reached skill level 5 in Spellcasting
   166 | D        | Reached skill level 5 in Hexes
   166 | D        | Reached XP level 4. HP: 23/23 MP: 12/12
   178 | D        | Found a shadowy altar of Dithmenos.
   178 | D        | Noticed a necrophage
   187 | D        | Killed a necrophage
   187 | D        | Reached skill level 5 in Short Blades
   187 | D        | Reached skill level 8 in Stealth
   187 | D        | Reached XP level 5. HP: 27/27 MP: 6/14
   192 | D        | Learned a level 3 spell: Dazzling Spray
   193 | D        | Killed a white draconian scorcher
   194 | D        | Found a basalt altar of Yredelemnul.
   194 | D        | Found a sacrificial altar of Ru.
   196 | D        | Reached skill level 9 in Stealth
   200 | D        | Became a worshipper of Dithmenos the Shadowed
   253 | D        | Found a radiant altar of Vehumet.
   254 | D        | Found a deep blue altar of Sif Muna.
   254 | D        | Found an ancient bone altar of Kikubaaqudgha.
   257 | D        | Reached * piety under Dithmenos
   257 | D        | Reached XP level 6. HP: 32/32 MP: 16/16
   266 | D        | Learned a level 3 spell: Mephitic Cloud
   275 | D        | Found a glowing silver altar of Zin.
   276 | D        | Found a glowing golden altar of the Shining One.
   276 | D        | Found a white marble altar of Elyvilon.
   276 | D        | Noticed a deep elf mage
   278 | D        | Killed a deep elf mage
   278 | D        | Reached skill level 10 in Dodging
   278 | D        | Reached skill level 11 in Stealth
   278 | D        | Reached XP level 7. HP: 37/37 MP: 17/20
   299 | D        | Found a hide-covered altar of Uskayaw.
   299 | D        | Found an iron altar of Okawaru.
   300 | D        | Found a roughly hewn altar of Beogh.
   300 | D        | Found a bloodstained altar of Trog.
   300 | D        | Found an ornate altar of the Wu Jian Council.
   300 | D        | Noticed a human
   300 | D        | Noticed a human
   301 | D        | Killed a white draconian scorcher
   302 | D        | Killed a human
   302 | D        | Reached ** piety under Dithmenos
   303 | D        | Killed a human
   303 | D        | Reached skill level 12 in Stealth
   332 | D        | Noticed a shadow
   413 | D        | Killed a yaktaur
   771 | D        | Killed a shadow
   771 | D        | Reached XP level 8. HP: 16/42 MP: 0/22
   995 | D        | Found a blossoming altar of Fedhas.
   995 | D        | Found a stormy altar of Qazlal.
   996 | D        | Found a snail-covered altar of Cheibriados.
   996 | D        | Found a burning altar of Makhleb.
   996 | D        | Found a hazy altar of Hepliaklqana.
   996 | D        | Found a shimmering altar of Xom.
   996 | D        | Found an opulent altar of Gozag.
   996 | D        | Found a sparkling altar of Nemelex Xobeh.
   996 | D        | Found a corrupted altar of Lugonu.
   996 | D        | Found a viscous altar of Jiyva.
  1012 | D        | Reached *** piety under Dithmenos
  1127 | D        | Noticed Snorg
  1219 | D        | Killed Snorg
  1219 | D        | Reached skill level 5 in Fighting
  1219 | D        | Reached skill level 13 in Stealth
  1219 | D        | Reached skill level 10 in Spellcasting
  1219 | D        | Reached XP level 9. HP: 47/47 MP: 12/24
  1238 | D        | Noticed a centaur warrior
  1240 | D        | Killed a centaur warrior
  1240 | D        | Reached skill level 10 in Short Blades
  1240 | D        | Reached skill level 14 in Stealth
  1241 | D        | Reached skill level 5 in Armour
  1341 | D        | Noticed an unseen horror
  1341 | D        | Noticed an unseen horror
  1342 | D        | Killed an unseen horror
  1342 | D        | Reached **** piety under Dithmenos
  1344 | D        | Killed an unseen horror
  1344 | D        | Reached skill level 15 in Stealth
  1344 | D        | Reached XP level 10. HP: 53/53 MP: 25/27
  1395 | D        | Reached ***** piety under Dithmenos
  1647 | D        | Learned a level 2 spell: Blink
  1695 | D        | Reached ****** piety under Dithmenos
  1866 | D        | Reached skill level 16 in Stealth
  1995 | D        | Reached skill level 10 in Hexes
  1997 | D        | Reached skill level 15 in Dodging
  2049 | D        | Noticed a spiny frog
  2049 | D        | Noticed a spiny frog
  2051 | D        | Killed a spiny frog
  2055 | D        | Killed a spiny frog
  2113 | D        | Reached skill level 17 in Stealth
  2115 | D        | Noticed a lindwurm
  2118 | D        | Killed a lindwurm
  2118 | D        | Reached XP level 11. HP: 58/58 MP: 22/29
  2152 | D        | Noticed Urug
  2154 | D        | Killed Urug
  2282 | D        | Noticed Rupert
  2284 | D        | Killed Rupert
  2284 | D        | Reached skill level 18 in Stealth
  2306 | D        | Noticed a death yak
  2307 | D        | Noticed a death yak
  2307 | D        | Noticed an azure jelly
  2307 | D        | Noticed a death yak
  2307 | D        | Noticed an azure jelly
  2307 | D        | Noticed a death yak
  2308 | D        | Killed a death yak
  2309 | D        | Killed a death yak
  2310 | D        | Reached skill level 15 in Spellcasting
  2464 | D        | Reached skill level 19 in Stealth
  2487 | D        | Killed a death yak
  2667 | D        | Killed a death yak
  2667 | D        | Reached XP level 12. HP: 64/64 MP: 28/32
  2746 | D        | Found Myerr's Distillery.
  2746 | D        | Found Metojo Ewoph's Antique Weapon Boutique.
  2749 | D        | Found Felas's Book Emporium.
  2770 | D        | Noticed an eight-headed hydra
  2770 | D        | Noticed the 27-headed Lernaean hydra
  2772 | D        | Killed the 27-headed Lernaean hydra
  2772 | D        | Reached skill level 20 in Stealth
  2774 | D        | Killed an eight-headed hydra
  2774 | D        | Reached skill level 15 in Short Blades
  2779 | D        | Got a decaying rune of Zot
  2839 | D        | Noticed an azure jelly
  2839 | D        | Noticed an azure jelly
  2840 | D        | Noticed a dire elephant
  2840 | D        | Noticed a dire elephant
  2840 | D        | Noticed Gastronok
  2842 | D        | Killed Gastronok
  2843 | D        | Killed a dire elephant
  2845 | D        | Killed a dire elephant
  2847 | D        | Reached skill level 21 in Stealth
  2949 | D        | Noticed a five-headed hydra
  2949 | D        | Noticed a seven-headed hydra
  2955 | D        | Killed a five-headed hydra
  2956 | D        | Killed a seven-headed hydra
  2956 | D        | Reached XP level 13. HP: 70/70 MP: 24/35
  3022 | D        | Noticed a kraken
  3181 | D        | Killed a kraken
  3276 | D        | Found Efysoch's Magic Scroll Boutique.
  3276 | D        | Found Mylish's Jewellery Shop.
  3276 | D        | Found Duxzui's Antique Weapon Emporium.
  3441 | D        | Found a blossoming altar of Fedhas.
  3707 | D        | Got a barnacled rune of Zot
  3819 | D        | Found Zaocil's Armour Shop.
  4051 | D        | Bought a glowing dagger for 125 gold pieces
  4052 | D        | Bought a potion of curing for 30 gold pieces
  4052 | D        | Bought a potion of curing for 30 gold pieces
  4052 | D        | Bought a potion of invisibility for 80 gold pieces
  4052 | D        | Bought a potion of heal wounds for 50 gold pieces
  4052 | D        | Bought a potion of magic for 80 gold pieces
  4165 | D        | Bought an uncursed ring of protection from cold for 325 gold pieces
  4165 | D        | Bought an uncursed ring of flight for 227 gold pieces
  4165 | D        | Bought a +5 ring of strength for 535 gold pieces
  4167 | D        | Bought a scroll of enchant armour for 82 gold pieces
  4167 | D        | Bought a scroll of amnesia for 38 gold pieces
  4167 | D        | Bought a scroll of identify for 22 gold pieces
  4167 | D        | Bought a scroll of identify for 22 gold pieces
  4167 | D        | Bought a scroll of enchant weapon for 82 gold pieces
  4167 | D        | Bought a scroll of magic mapping for 38 gold pieces
  4167 | D        | Bought a scroll of fear for 38 gold pieces
  4294 | D        | Noticed a deep elf annihilator
  4298 | D        | Reached skill level 22 in Stealth
  4318 | D        | Noticed a deep elf annihilator
  4378 | D        | Noticed a deep elf death mage
  4400 | D        | Killed a deep elf death mage
  4401 | D        | Noticed a deep elf blademaster
  4464 | D        | Slain by a deep elf blademaster

Vault maps used:
D:        dungeon_sprint_mu

Skill      XL: |  1  2  3  4  5  6  7  8  9 10 11 12 13 |
---------------+----------------------------------------+-----
Fighting       | 1 2 3 4 5 6 8 9 |  9.7
Short Blades   | 2 3 4 5 7 8 9 11 12 14 15 16 | 16.5
Armour         | 1 2 3 4 5 6 7 8 |  8.9
Dodging        | 4 6 7 8 10 11 12 13 15 17 19 20 | 20.6
Stealth        | 5 6 7 8 9 11 12 13 15 17 19 21 22 | 22.2
Spellcasting   | 4 5 6 8 9 10 12 13 15 17 | 17.9
Hexes          | 4 5 6 7 8 9 10 11 13 | 13.7

Action                   |  1- 3 |  4- 6 |  7- 9 | 10-12 | 13-15 || total
-------------------------+-------+-------+-------+-------+-------++-------
Melee: Dagger            |    15 |     6 |   123 |   221 |    77 ||   442
       Kick              |       |       |    39 |    46 |    14 ||    99
 Cast: Corona            |     3 |       |     5 |       |       ||     8
       Confuse           |       |     2 |    13 |    22 |    10 ||    47
       Dazzling Spray    |       |       |    12 |     9 |    27 ||    48
       Ensorcelled Hiber |       |       |     2 |    18 |    19 ||    39
       Mephitic Cloud    |       |       |       |     1 |     3 ||     4
Invok: Shadow Step       |       |       |     2 |    13 |     7 ||    22
  Use: Potion            |     6 |       |     1 |       |     2 ||     9
       Scroll            |     4 |       |       |     2 |     5 ||    11
 Stab: Sleeping          |     5 |     4 |     9 |    37 |     8 ||    63
       Confused          |       |     1 |     2 |    10 |     5 ||    18
       Distracted        |       |       |       |     2 |       ||     2
       Invisible         |       |       |       |     7 |    10 ||    17
  Eat: Ration            |       |       |       |     1 |       ||     1
Armor: Robe              |       |       |     2 |       |     1 ||     3
Dodge: Dodged            |     6 |     1 |    82 |   160 |    68 ||   317

Table legend:
 A = Spawn XP
 B = Non-spawn XP
 C = Spawn XP percentage of total XP
 D = Spawn monster count
 E = Non-spawn monster count
 F = Spawn count percentage of total count
 G = Total turns spent on level
                    A         B        C        D         E        F      G
               +---------+---------+-------+---------+---------+-------+---------
         Total |       0 |   49507 |   0.0 |       0 |     138 |   0.0 |  4464
               +---------+---------+-------+---------+---------+-------+---------
             D |       0 |   49507 |   0.0 |       0 |     138 |   0.0 |  4464
               +---------+---------+-------+---------+---------+-------+---------
